 Dungeon Crawl Stone Soup version 0.22-a0-565-gfc6459a (webtiles) character file.

121 Amnesiac the Ducker (level 4, -3/23 HPs)
             Began as a Spriggan Wanderer on June 28, 2018.
             Slain by a mummy (15 damage)
             ... in an ossuary.
             The game lasted 00:05:13 (1184 turns).

Amnesiac the Ducker (Spriggan Wanderer)             Turns: 1184, Time: 00:05:14

Health: -3/23      AC:  4    Str: 13 (14) XL:     4   Next: 76%
Magic:  0/5        EV: 19    Int: 10 (11) God:
Gold:   97         SH:  0    Dex: 15 (17) Spells: 3/3 levels left

rFire    . . .     SeeInvis +   d - +1 dagger
rCold    . . .     Gourm    .   (shield restricted)
rNeg     . . .     Faith    .   a - +2 robe
rPois    .         Spirit   +   (helmet restricted)
rElec    .         Reflect  .   m - scarf {Spirit}
rCorr    .         Harm     .   (gloves unavailable)
MR       .....                  (boots unavailable)
Stlth    +++.......             g - amulet of the acrobat
HPRegen  0.07/turn              (no ring)
MPRegen  0.09/turn              (no ring)

@: mighty, very quick
A: very small, unfitting armour, see invisible, herbivore, speed 3, slow
metabolism 2
a: no special abilities


You were in an ossuary.
You were not hungry.

You visited 1 branch of the dungeon, and saw 4 of its levels.
You also visited: Ossuary.

You collected 97 gold pieces.

Inventory:

Hand Weapons
 d - a +1 dagger (weapon)
Armour
 a - a +2 robe (worn)
 m - a scarf of spirit shield (worn)
Jewellery
 g - an amulet of the acrobat (around neck)
 i - an uncursed ring of ice
Scrolls
 h - a scroll of enchant weapon {!r}
Potions
 b - 4 potions of curing {!q}
 c - a potion of lignification {!q}
 l - a potion of ambrosia {!q}
 n - a potion of mutation {!q}
Comestibles
 f - 3 rations


   Skills:
 - Level 2.0 Fighting
 * Level 4.0 Short Blades
   Level 1.0 Crossbows
 + Level 4.2 Dodging
 + Level 4.1 Stealth
   Level 1.0 Shields


You had 3 spell levels left.
You didn't know any spells.
Your spell library was empty.

Dungeon Overview and Level Annotations

Branches:
Dungeon (4/15)
 Temple: D:4-7

Altars:

Annotations:
D:2 Sigmund


Innate Abilities, Weirdness & Mutations

You are very small and have problems with some larger weapons.
You are too small for most types of armour.
You have supernaturally acute eyesight. (SInv)
You are a herbivore.
You cover ground extremely quickly.
You need to consume almost no food.


Message History

The mummy is heavily damaged.
The mummy hits you!
You completely miss the mummy.
The mummy is heavily damaged.
You puncture the mummy!
The mummy is almost destroyed.
The mummy misses you.
You hit the mummy.
You destroy the mummy!
You feel your strength returning.
You swing at nothing.
You barely miss the orc zombie. You hit the orc zombie.
The orc zombie is severely damaged.
The orc zombie closely misses you.
You puncture the orc zombie!
You destroy the orc zombie!
A mummy comes into view.
A mummy comes into view.
You swing at nothing.
You hit the mummy.
The mummy is lightly damaged.
The mummy barely misses you.
You puncture the mummy!
The mummy is severely damaged.
You puncture the mummy!
You destroy the mummy!
You feel your strength returning. The orc zombie misses you.
You puncture the orc zombie!
You destroy the orc zombie!
The orc zombie completely misses you.
You hit the orc zombie.
The orc zombie is severely damaged.
You hit the orc zombie.
The orc zombie is almost destroyed.
The orc zombie hits you but does no damage.
You puncture the orc zombie!
You destroy the orc zombie!
You hit the mummy but do no damage. The mummy hits you.
* * * LOW HITPOINT WARNING * * *
You barely miss the mummy. You hit the mummy but do no damage.
The mummy misses you.
You hit the mummy.
The mummy is lightly damaged.
You hit the mummy.
The mummy is moderately damaged.
The mummy completely misses you.
You puncture the mummy!
The mummy is severely damaged.
You closely miss the mummy.
The mummy is severely damaged.
The mummy barely misses you.
You puncture the mummy!
You destroy the mummy!
Your Short Blades skill increases to level 4!
Your Stealth skill increases to level 4!
A mummy comes into view.
A mummy comes into view.
You puncture the mummy!
The mummy is moderately damaged.
The mummy hits you!!
Ouch! That really hurt!
You die...

#############
##.....M..M.....##
#..M. ####@.....##
..... ##..##......#
.....##....##.....#
..................#
#................##
#..............##
##........##+#
##......## ##....##


You could see 2 mummies.

Vanquished Creatures
  A bullfrog skeleton (D:4)
  5 mummies (Ossuary)
  An adder (D:3)
  3 bats
  2 giant cockroaches (D:3)
  A gnoll zombie (Ossuary)
  A goblin (D:3)
  A hobgoblin (D:3)
  4 jackals (D:3)
  A kobold (D:1)
  A hobgoblin zombie (Ossuary)
  3 kobold zombies (Ossuary)
  3 orc zombies (Ossuary)
27 creatures vanquished.

Notes
Turn   | Place    | Note
-------+----------+-------------------------------------------
     0 | D:1      | Amnesiac the Spriggan Wanderer began the quest for the Orb.
     0 | D:1      | Amnesiac set off with: a +2 robe, a potion of curing {!q}, a potion of lignification {!q}, a +0 dagger, a ration
     0 | D:1      | Reached XP level 1. HP: 10/10 MP: 2/2
   248 | D:2      | Noticed Sigmund
   401 | D:3      | Reached XP level 2. HP: 10/14 MP: 3/3
   870 | D:4      | Reached XP level 3. HP: 18/18 MP: 4/4
   911 | D:4      | Found a sand-covered staircase.
   920 | Ossuary  | Entered an ossuary
  1121 | Ossuary  | Reached XP level 4. HP: 23/23 MP: 5/5
  1184 | Ossuary  | Slain by a mummy

Vault maps used:
D:1:      roderic_chinese_lattice_arrival
D:2:      wad_woods_tower, first_ration, uniq_sigmund
D:3:      ashenzari_altar_1
D:4:      lemuel_castle_with_subvaults, vehumet_crystals,
          gup_ossuary_entry_pyramid, kennysheep_generic_room_5, uniq_pikel,
          uniq_edmund
Ossuary:  ossuary_tomb_3

Skill      XL: |  1  2  3  4 |
---------------+-------------+-----
Short Blades   | 2 3 4 |  4.0
Fighting       | 2 |  2.0
Dodging        | 4 |  4.2
Stealth        | 4 |  4.1
Crossbows      | |  1.0
Shields        | |  1.0

Action                   |  1- 3 |  4- 6 || total
-------------------------+-------+-------++-------
Melee: Dagger            |   169 |    28 ||   197
  Use: Scroll            |     5 |       ||     5
       Potion            |     1 |     2 ||     3
 Stab: Sleeping          |     3 |       ||     3
Armor: Robe              |    29 |     1 ||    30
Dodge: Dodged            |   185 |    10 ||   195

Table legend:
 A = Spawn XP
 B = Non-spawn XP
 C = Spawn XP percentage of total XP
 D = Spawn monster count
 E = Non-spawn monster count
 F = Spawn count percentage of total count
 G = Total turns spent on level
                    A         B        C        D         E        F      G
               +---------+---------+-------+---------+---------+-------+---------
         Total |       0 |     173 |   0.0 |       0 |      27 |   0.0 |  1184
               +---------+---------+-------+---------+---------+-------+---------
           D:1 |       0 |       5 |   0.0 |       0 |       3 |   0.0 |   108
           D:3 |       0 |      30 |   0.0 |       0 |      10 |   0.0 |   471
           D:4 |       0 |      39 |   0.0 |       0 |       1 |   0.0 |    88
       Ossuary |       0 |      99 |   0.0 |       0 |      13 |   0.0 |   264
               +---------+---------+-------+---------+---------+-------+---------
